 Dungeon Crawl Stone Soup version 0.28-a0-1206-g193881aaa2 (webtiles) character file.

Game seed: 10940266671871882869

168 pokeman the Magician (level 5, -1/29 HPs)
             Began as a Deep Elf Hedge Wizard on Dec 20, 2021.
             Killed from afar by a white imp (3 damage)
             ... with a puff of frost
             ... summoned by Natasha
             ... on level 3 of the Dungeon.
             The game lasted 00:04:51 (3991 turns).

pokeman the Magician (Deep Elf Hedge Wizard)        Turns: 3991, Time: 00:04:51

Health: -1/29      AC:  4    Str:  7    XL:     5   Next: 24%
Magic:  0/15       EV: 12    Int: 21    God:
Gold:   147        SH:  0    Dex: 14    Spells: 5/16 levels left

rFire   . . .      SeeInvis .   m - +1 spear (venom)
rCold   . . .      Faith    .   (no shield)
rNeg    . . .      Spirit   .   a - +0 leather armour
rPois   .          Reflect  .   c - +0 hat
rElec   .          Harm     .   (no cloak)
rCorr   .          Rampage  .   (no gloves)
Will    .....                   g - +0 pair of boots
Stlth   ++........              (no amulet)
HPRegen 0.09/turn               (no ring)
MPRegen 0.14/turn               (no ring)

@: very slightly contaminated
A: no striking features
a: no special abilities


You were on level 3 of the Dungeon.
You visited 1 branch of the dungeon, and saw 3 of its levels.

You collected 147 gold pieces.

Inventory:

Hand Weapons
 m - a +1 spear of venom (weapon)
Missiles
 n - a throwing net
 t - 9 bolts
Armour
 a - a +0 leather armour (worn)
 c - a +0 hat (worn)
 g - a +0 pair of boots (worn)
 o - a +0 buckler
Scrolls
 e - a scroll of vulnerability {unknown}
 f - 4 scrolls of identify {unknown}
 i - 2 scrolls of teleportation {unknown}
 j - 2 scrolls of noise {unknown}
 p - a scroll of magic mapping {unknown}
 s - a scroll of enchant weapon {unknown}
Potions
 b - 2 potions of curing {unknown}
 d - 3 potions of degeneration {unknown}
 h - a potion of magic {unknown}
 k - 2 potions of brilliance {unknown}
 l - a potion of attraction {unknown}
 q - a potion of invisibility {unknown}
 r - a potion of ambrosia {unknown}


   Skills:
 - Level 1.0 Fighting
 - Level 1.0 Armour
 - Level 3.0 Dodging
 - Level 2.4 Stealth
 + Level 0.1 Shields
 * Level 6.2 Spellcasting
 + Level 2.6 Conjurations
 - Level 1.1 Summonings
 - Level 1.1 Translocations
 - Level 1.1 Fire Magic
 + Level 0.5 Air Magic


You had 5 spell levels left.
You knew the following spells:

 Your Spells              Type           Power      Damage    Failure   Level
a - Magic Dart            Conj           68%        1d6       4%          1
b - Mephitic Cloud        Conj/Pois/Air  10%        N/A       26%         3
c - Call Imp              Summ           11%        N/A       14%         2
d - Blink                 Tloc           22%        N/A       14%         2
e - Conjure Flame         Conj/Fire      14%        6-21      19%         3

Your spell library contained the following spells:

 Spells                   Type           Power      Damage    Failure   Level
 Slow                     Hex            24%        N/A       14%         1


Dungeon Overview and Level Annotations

Branches:
Dungeon (3/15)

Altars:

Annotations:
D:3 Natasha


Message History

Okay, then.
Unknown command.
Natasha stares at you and mumbles some strange words.
The magic dart hits you.
* * * LOW HITPOINT WARNING * * *
Casting: Call Imp (safe; 14% risk of failure)
Confirm with . or Enter, or press ? or * to list all spells.
The spell is quite dangerous to miscast (26% risk of failure)!
Continue anyway?
Aiming: Mephitic Cloud (quite dangerous; 26% risk of failure)
Press: ? - help, Shift-Dir - straight line, f/p - Natasha
Aim: Natasha (chance to affect: 86%)
The ball explodes into a vile cloud!
The stinking cloud engulfs Natasha but does no damage.
Natasha is engulfed in noxious fumes.
Natasha appears confused.
Unknown command.
Unknown command.
Reach: m) +1 spear (venom)
Press: ? - help, Dir - move target, f/p - Natasha
Aim: Natasha (noxious fumes, lightly wounded, confused, about 24% to evade your +1 spear of venom)
Your leather armour prevents you from hitting Natasha.
Natasha is lightly wounded.
Natasha is engulfed in noxious fumes.
Natasha appears confused.
Natasha closely misses you.
Reach: m) +1 spear (venom)
Press: ? - help, Dir - move target, f/p - Natasha
Aim: Natasha (noxious fumes, lightly wounded, confused, about 24% to evade your +1 spear of venom)
You hit Natasha.
Natasha is heavily wounded.
Natasha is engulfed in noxious fumes.
The white imp gestures at you. The puff of frost hits you.
* * * LOW HITPOINT WARNING * * *
Reach: m) +1 spear (venom)
Press: ? - help, Dir - move target, f/p - Natasha
Aim: Natasha (heavily wounded, confused, about 24% to evade your +1 spear of venom)
You reach to attack!
You hit Natasha.
Natasha is poisoned.
Natasha is severely wounded.
The white imp gestures at you. The puff of frost hits you.
You die...

############
#########..........#############
..........####..................
########.....○.h####...#...#####
#.......5..# #.#.......# #
#.##.#####@# #...#...#.#
#######.##.♣.♣##.## ##.#########
##.........#......###.#.#.#).'.##
.#.###..##5♣.♣##.....###..#).#..#
...###...#§§..#...###.#.#.####..#
...##......♣.♣....####.###.##.#.#
....##..>..............###.##.#.#
.##....>...♣.♣....#######.♣♣♣♣#.#
.#..#...)..........### #♣♣♣. ♣.#


You could see Natasha (confused, very poisoned) and a white imp (summoned).

Vanquished Creatures
  Natasha (D:3)
  3 gnolls (D:2)
  3 adders
  An ufetubus (D:3)
  2 worms (D:2)
  2 dart slugs
  4 endoplasms
  3 giant cockroaches
  7 goblins
  5 hobgoblins
  2 jackals (D:1)
  4 quokkas
  2 ball pythons (D:2)
  6 bats
  4 frilled lizards
  6 kobolds
  11 rats
66 creatures vanquished.

Vanquished Creatures (collateral kills)
  A gnoll (D:2)
1 creature vanquished.

Vanquished Creatures (others)
  14 plants
14 creatures vanquished.

Grand Total: 81 creatures vanquished

Notes
Turn   | Place    | Note
-------+----------+-------------------------------------------
     0 | D:1      | pokeman the Deep Elf Hedge Wizard began the quest for the
                  | Orb.
     0 | D:1      | Reached XP level 1. HP: 10/10 MP: 7/7
   337 | D:1      | Reached XP level 2. HP: 13/15 MP: 1/9
   424 | D:1      | Found a faded altar of an unknown god.
  1180 | D:1      | Reached skill level 5 in Spellcasting
  1501 | D:2      | Reached XP level 3. HP: 20/20 MP: 4/11
  1505 | D:2      | Learned a level 3 spell: Mephitic Cloud
  1508 | D:2      | Learned a level 2 spell: Call Imp
  1511 | D:2      | Learned a level 2 spell: Blink
  1515 | D:2      | Learned a level 3 spell: Conjure Flame
  1680 | D:2      | Reached skill level 1 in Fighting
  1680 | D:2      | Reached skill level 1 in Armour
  1756 | D:2      | Reached XP level 4. HP: 25/25 MP: 5/13
  2930 | D:3      | Noticed Natasha
  2939 | D:3      | Killed Natasha
  2940 | D:3      | Reached skill level 6 in Spellcasting
  2940 | D:3      | Reached skill level 1 in Fire Magic
  3085 | D:3      | Reached XP level 5. HP: 29/29 MP: 12/15
  3963 | D:3      | Noticed Natasha
  3991 | D:3      | Killed from afar by a white imp

Illustrated notes

Levels and vault maps discovered:
D:1:      erik_arrival_triangle_medium, layout_loops_ring, serial_bayou,
          serial_bayou_lagoon_a, serial_bayou_pond_a, serial_bayou_shore_b,
          serial_bayou_shore_a, chequers_ecumenical_altar_island
D:2:      layout_basic, minivault_27, st_stairs_3
D:3:      layout_loops_ring, serial_forest, infiniplex_forest_split,
          infiniplex_forest_corner_1, infiniplex_forest_clump_long,
          infiniplex_forest_lined_2, infiniplex_forest_lined_3,
          infiniplex_forest_lined_room_2, infiniplex_forest_clump_medium,
          supply_closet_lemuel, uniq_natasha

Skill      XL: |  1  2  3  4  5 |
---------------+----------------+-----
Spellcasting   | 5 6 |  6.2
Fighting       | 1 |  1.0
Armour         | 1 |  1.0
Conjurations   | 2 |  2.6
Fire Magic     | 1 |  1.1
Dodging        | 3 |  3.0
Stealth        | |  2.4
Shields        | |  0.1
Summonings     | |  1.1
Translocations | |  1.1
Air Magic      | |  0.5

Action                   |  1- 3 |  4- 6 || total
-------------------------+-------+-------++-------
Melee: Dagger            |    16 |       ||    16
       Spear             |       |    15 ||    15
 Cast: Magic Dart        |    85 |    72 ||   157
       Mephitic Cloud    |     1 |     4 ||     5
       Conjure Flame     |     1 |       ||     1
       Blink             |       |     1 ||     1
       Call Imp          |       |     1 ||     1
 Stab: Confused          |     2 |     1 ||     3
       Sleeping          |       |     1 ||     1
Armor: Robe              |     8 |     1 ||     9
       Leather armour    |       |     6 ||     6
Dodge: Dodged            |    20 |    29 ||    49

Table legend: (Time is in decaauts)
 A = Elapsed time spent in this place.
 B = Non-inter-level travel time spent in this place.
 C = Inter-level travel time spent in this place.
 D = Time resting spent in this place.
 E = Time spent auto-exploring this place.
 F = Levels seen in this place.
 G = Mean time per level.
                   A        B        C        D        E       F      G
               +--------+--------+--------+--------+--------+-----+--------+
         Total |   4017 |   3922 |     95 |      0 |   3498 |   3 | 1339.0 |
       Dungeon |   4017 |   3922 |     95 |      0 |   3498 |   3 | 1339.0 |
               +--------+--------+--------+--------+--------+-----+--------+

Top non-repeatable levels by time:
     D:2: 1485 daAuts
     D:1: 1446 daAuts
     D:3: 1085 daAuts
